 Dungeon Crawl Stone Soup version 0.21-a0-522-ga8338f0 (webtiles) character file.

672 slep the Chopper (level 7, -2/52 HPs)
             Began as a Demonspawn Gladiator on Dec 7, 2017.
             Slain by a mummy (7 damage)
             ... in an ossuary.
             The game lasted 00:11:15 (3453 turns).

slep the Chopper (Demonspawn Gladiator)             Turns: 3453, Time: 00:11:16

Health: -2/52      AC:  9    Str: 14    XL:     7   Next: 32%
Magic:  7/7        EV: 12    Int:  9    God:
Gold:   188        SH:  0    Dex: 17    Spells: 6/6 levels left

rFire    . . .     SeeInvis .   a - +0 war axe
rCold    . . .     Gourm    .   (no shield)
rNeg     . . .     Faith    .   g - +0 ring mail
rPois    .         Spirit   .   c - +0 helmet
rElec    .         Reflect  .   t - +0 cloak (curse)
rCorr    .         Harm     .   (no gloves)
MR       .....                  (boots unavailable)
Stlth    +.........             x - amulet of magic regeneration
HPRegen  0.17/turn              (no ring)
MPRegen  0.35/turn              (no ring)

@: no status effects
A: talons 3, slimy green scales 1, demonic guardian 1
a: no special abilities


You were in an ossuary.
You were hungry.

You visited 1 branch of the dungeon, and saw 5 of its levels.
You also visited: Ossuary.

You collected 188 gold pieces.

Inventory:

Hand Weapons
 a - a +0 war axe (weapon)
 u - a cursed -1 mace
Missiles
 d - 3 throwing nets (quivered)
Armour
 b - a +0 leather armour
 c - a +0 helmet (worn)
 g - a +0 ring mail (worn)
 t - a cursed +0 cloak (worn)
Jewellery
 n - an uncursed ring of ice
 x - an amulet of magic regeneration (around neck)
Wands
 w - a wand of polymorph (3)
Scrolls
 e - 7 scrolls of teleportation {unknown}
 j - a scroll of random uselessness {unknown}
 k - 3 scrolls of remove curse {unknown}
 l - 4 scrolls of identify {unknown}
 r - 3 scrolls of magic mapping {unknown}
 y - a scroll of fog {unknown}
Potions
 h - 2 potions of agility {unknown}
 o - a potion of lignification {unknown}
 p - 2 potions of curing
 q - a potion of heal wounds {unknown}
 s - a potion of haste
 v - a potion of degeneration {unknown}
Books
 z - a Young Poisoner's Handbook

   Spells                             Type                      Level
   a - Sting                          Conjuration/Poison           1
   b - Poisonous Vapours              Poison/Air                   2
   c - Mephitic Cloud                 Conjuration/Poison/Air       3
   d - Olgreb's Toxic Radiance        Poison                       4
   e - Venom Bolt                     Conjuration/Poison           5
Comestibles
 f - 4 bread rations
 i - 4 royal jellies
 m - 4 meat rations


   Skills:
 + Level 3.3 Fighting
 + Level 6.2 Axes
 + Level 1.8 Throwing
 + Level 2.6 Armour
 + Level 3.4 Dodging
 + Level 0.6 Stealth
 + Level 0.3 Unarmed Combat


You had 6 spell levels left.
You didn't know any spells.

Dungeon Overview and Level Annotations

Branches:
Dungeon (5/15)
 Temple: D:4-7

Altars:
Cheibriados


Innate Abilities, Weirdness & Mutations

You have claws for feet.
You are partially covered in slimy green scales. (AC +2)
A weak demonic guardian rushes to your aid.


Message History

You slash the mummy! You claw the mummy.
The mummy is almost destroyed.
Your ring mail prevents you from hitting the mummy.
You hit the mummy. The mummy misses you. The mummy barely misses you.
You completely miss the mummy.
The mummy is almost destroyed.
You hit the mummy but do no damage. You closely miss the mummy.
The mummy hits you. The mummy hits you but does no damage.
You slash the mummy!
You destroy the mummy!
You barely miss the mummy. x2; The mummy hits you!
* * * LOW HITPOINT WARNING * * *
Your shadow imp hits the mummy but does no damage.
The mummy hits you.
* * * LOW HITPOINT WARNING * * *
Your shadow imp hits the mummy.
You hit the mummy. You claw the mummy!
The mummy is almost destroyed.
You barely miss the mummy. The mummy hits you!
You die...

###### ###!?!?# #
#......#+#+#+#+#+#+#+#
##...M....^............
#....M@^...^...........
#∩....5.^......^........
##......^^............^.
##......^..^...^.......
#......#+#+#'#'#'#'#'#
###!???# #.#.#.#.#.#
###### ###########


You could see 2 mummies and a friendly shadow imp.

Vanquished Creatures
  A phantom (D:4)
  An ogre (D:4)
  A scorpion (D:4)
  A crimson imp (D:3)
  2 orc priests
  2 hounds (D:4)
  Ijyb (D:4)
  An orc wizard (D:5)
  2 mummies (Ossuary)
  5 adders
  2 oozes
  An adder skeleton (D:4)
  A worm (D:3)
  7 dart slugs
  6 leopard geckos
  15 orcs
  A ball python (D:4)
  6 giant cockroaches
  8 hobgoblins
  7 jackals
  A quokka (D:3)
  8 bats
  5 frilled lizards
  7 goblins
  A hobgoblin zombie (Ossuary)
  14 kobolds
  A quokka skeleton (D:3)
  8 rats
116 creatures vanquished.

Vanquished Creatures (collateral kills)
  2 mummies (Ossuary)
  An adder (D:3)
  A jackal (D:3)
  A giant cockroach zombie (D:3)
5 creatures vanquished.

Grand Total: 121 creatures vanquished

Notes
Turn   | Place    | Note
-------+----------+-------------------------------------------
     0 | D:1      | slep the Demonspawn Gladiator began the quest for the Orb.
     0 | D:1      | Reached XP level 1. HP: 16/16 MP: 1/1
   460 | D:1      | Gained mutation: A weak demonic guardian rushes to your aid. [demonic ancestry]
   460 | D:1      | Reached XP level 2. HP: 22/22 MP: 2/2
   471 | D:1      | Reached skill level 3 in Axes
   744 | D:1      | Gained mutation: You have sharp toenails. [demonic ancestry]
   744 | D:1      | Reached XP level 3. HP: 25/27 MP: 3/3
  1265 | D:2      | Reached skill level 1 in Armour
  1327 | D:2      | Gained mutation: You are partially covered in slimy green scales. (AC +2) [demonic ancestry]
  1327 | D:2      | Reached XP level 4. HP: 25/34 MP: 4/4
  1526 | D:3      | Reached skill level 4 in Axes
  1587 | D:3      | Gained mutation: You have razor-sharp toenails. [demonic ancestry]
  1587 | D:3      | Reached XP level 5. HP: 21/39 MP: 5/5
  2035 | D:4      | Noticed Ijyb
  2064 | D:4      | Killed Ijyb
  2111 | D:4      | Reached skill level 5 in Axes
  2111 | D:4      | Reached XP level 6. HP: 41/47 MP: 6/6
  2118 | D:4      | HP: 1/47 [poisoned by a scorpion]
  2595 | D:4      | Gained mutation: You have claws for feet. [demonic ancestry]
  2595 | D:4      | Reached XP level 7. HP: 30/52 MP: 7/7
  2677 | D:4      | Reached skill level 6 in Axes
  2690 | D:4      | Found a snail-covered altar of Cheibriados.
  2939 | D:5      | Entered Level 5 of the Dungeon
  2999 | D:5      | Found a sand-covered staircase.
  3185 | Ossuary  | Entered an ossuary
  3453 | Ossuary  | Slain by a mummy

Vault maps used:
D:1:      giann_wishing_wells, hex_medium
D:3:      first_bread
D:4:      lemuel_coloured_pillars_altar, uniq_ijyb
D:5:      nicolae_ossuary_entry_false_entrances, minmay_hedge_maze
Ossuary:  ossuary_the_hunt_dpeg

Skill      XL: |  1  2  3  4  5  6  7 |
---------------+----------------------+-----
Axes           | 3 4 5 6 |  6.2
Armour         | 1 2 |  2.6
Dodging        | 3 |  3.4
Fighting       | 3 |  3.3
Throwing       | |  1.8
Stealth        | |  0.6
Unarmed Combat | |  0.3

Action                   |  1- 3 |  4- 6 |  7- 9 || total
-------------------------+-------+-------+-------++-------
Melee: War axe           |    82 |   158 |    65 ||   305
       Kick              |     7 |    33 |    17 ||    57
       Unarmed           |       |    20 |       ||    20
  Use: Potion            |       |     1 |       ||     1
  Eat: Chunk             |     1 |     4 |     3 ||     8
Armor: Leather armour    |     9 |       |       ||     9
       Ring mail         |    28 |    74 |    11 ||   113
       Skin              |       |     1 |       ||     1
Dodge: Dodged            |    81 |   112 |    42 ||   235

Table legend:
 A = Spawn XP
 B = Non-spawn XP
 C = Spawn XP percentage of total XP
 D = Spawn monster count
 E = Non-spawn monster count
 F = Spawn count percentage of total count
 G = Total turns spent on level
                    A         B        C        D         E        F      G
               +---------+---------+-------+---------+---------+-------+---------
         Total |       0 |     960 |   0.0 |       0 |     121 |   0.0 |  3453
               +---------+---------+-------+---------+---------+-------+---------
           D:1 |       0 |      43 |   0.0 |       0 |      27 |   0.0 |  1124
           D:2 |       0 |      74 |   0.0 |       0 |      24 |   0.0 |   398
           D:3 |       0 |     192 |   0.0 |       0 |      38 |   0.0 |   455
           D:4 |       0 |     474 |   0.0 |       0 |      14 |   0.0 |   962
           D:5 |       0 |     108 |   0.0 |       0 |      13 |   0.0 |   246
       Ossuary |       0 |      69 |   0.0 |       0 |       5 |   0.0 |   268
               +---------+---------+-------+---------+---------+-------+---------
